 Dungeon Crawl Stone Soup version 0.20.0-10-g0535bb4 (webtiles) character file.

432 maniacrov the Slasher (level 7, -3/52 HPs)
             Began as a Merfolk Gladiator on June 6, 2017.
             Was an Initiate of Makhleb.
             Slain by a sky beast (4 damage)
             ... on level 5 of the Dungeon.
             The game lasted 00:12:52 (2814 turns).

maniacrov the Slasher (Merfolk Gladiator)           Turns: 2814, Time: 00:12:53

Health: -3/52      AC:  5    Str: 14    XL:     7   Next: 0%
Magic:  7/7        EV: 15    Int:  7    God:    Makhleb [......]
Gold:   156        SH:  0    Dex: 18    Spells: 6/6 levels left

rFire    . . .     SeeInvis .   a - +1 long sword
rCold    . . .     Gourm    .   (no shield)
rNeg     . . .     Faith    .   b - +0 leather armour
rPois    .         Spirit   .   c - +0 helmet
rElec    .         Reflect  .   (no cloak)
rCorr    .         Harm     .   (no gloves)
MR       .....                  g - +0 pair of boots
Stlth    ++........             (no amulet)
Regen    0.2/turn               (no ring)
MPRegen  0.1/turn               (no ring)

@: no status effects
A: change form in water, swift swim, stealthy swim
a: Renounce Religion


You were on level 5 of the Dungeon.
You worshipped Makhleb.
Makhleb was noncommittal.
You were not hungry.

You visited 1 branch of the dungeon, and saw 5 of its levels.

You collected 156 gold pieces.

Inventory:

Hand Weapons
 a - a +1 long sword (weapon)
Armour
 b - a +0 leather armour (worn)
 c - a +0 helmet (worn)
 g - a +0 pair of boots (worn)
Jewellery
 e - an uncursed ring of protection from magic {unknown}
 j - an uncursed amulet of rage
 k - a cursed ring of teleportation {unknown}
 m - an uncursed amulet of faith {unknown}
 r - an uncursed ring of protection from magic {unknown}
 t - a +5 ring of strength {unknown}
Wands
 p - a wand of iceblast (4/15)
 q - a wand of flame (0/48)
Scrolls
 l - 2 scrolls of magic mapping
 s - a scroll of amnesia
Potions
 d - 2 potions of curing {unknown}
 h - 2 potions of degeneration {unknown}
Comestibles
 f - a bread ration
 n - 2 fruits
 o - 2 royal jellies


   Skills:
 + Level 3.4 Fighting
 + Level 6.1 Long Blades
 + Level 2.0 Throwing
 + Level 1.4 Armour
 + Level 5.5 Dodging
 + Level 2.5 Stealth


You had 6 spell levels left.
You didn't know any spells.

Dungeon Overview and Level Annotations

Branches:
Dungeon (5/15)
 Temple: D:4-7

Altars:
Kikubaaqudgha
Makhleb
Nemelex Xobeh
Vehumet

Annotations:
D:5 Prince Ribbit


Message History

Prince Ribbit hits you.
You miss Prince Ribbit.
Prince Ribbit is heavily wounded.
Prince Ribbit barely misses you. Something barely misses you.
You hit Prince Ribbit.
Prince Ribbit is heavily wounded.
Prince Ribbit blinks!
Something hits you but does no damage.
Prince Ribbit blinks!
You hit something. Something hits you. Something shocks you.
* * * LOW HITPOINT WARNING * * *
You hit Prince Ribbit.
Prince Ribbit is heavily wounded.
Prince Ribbit hits you.
* * * LOW HITPOINT WARNING * * *
Something closely misses you.
Prince Ribbit blinks!
Something hits you.
* * * LOW HITPOINT WARNING * * *
Something shocks you.
* * * LOW HITPOINT WARNING * * *
Something hits you.
You die...

### .. . .# $#
##.##..##
######........
####....{..#
........@.##
####......#
#.F!.....#
#........#
#........#
..........#
###........#
#........#


You could see Prince Ribbit.

Vanquished Creatures
  The ghost of CrazyArbalest the Bolt Thrower, an amateur KoHu (D:4)
  A crimson imp (D:3)
  4 worker ants (D:4)
  3 gnolls (D:4)
  3 adders
  An ooze (D:3)
  4 worms
  2 dart slugs
  4 leopard geckos
  An orc (D:3)
  8 bats
  6 giant cockroaches
  7 goblins
  8 hobgoblins
  A jackal (D:2)
  2 quokkas
  2 ball pythons
  2 frilled lizards
  4 kobolds
  7 rats
71 creatures vanquished.

Notes
Turn   | Place    | Note
-------+----------+-------------------------------------------
     0 | D:1      | maniacrov the Merfolk Gladiator began the quest for the Orb.
     0 | D:1      | Reached XP level 1. HP: 16/16 MP: 1/1
   106 | D:1      | Reached XP level 2. HP: 16/23 MP: 2/2
   613 | D:1      | Reached XP level 3. HP: 28/28 MP: 3/3
   655 | D:2      | Reached skill level 4 in Long Blades
   811 | D:2      | Reached XP level 4. HP: 26/34 MP: 4/4
   841 | D:2      | Reached skill level 1 in Stealth
  1505 | D:3      | Found a radiant altar of Vehumet.
  1505 | D:3      | Found a burning altar of Makhleb.
  1522 | D:3      | Reached XP level 5. HP: 37/41 MP: 5/5
  1537 | D:3      | Became a worshipper of Makhleb the Destroyer
  1648 | D:3      | Found an ancient bone altar of Kikubaaqudgha.
  2000 | D:4      | Reached skill level 5 in Long Blades
  2373 | D:4      | Reached XP level 6. HP: 32/47 MP: 6/6
  2389 | D:4      | Reached skill level 1 in Armour
  2456 | D:4      | Reached skill level 5 in Dodging
  2614 | D:4      | Noticed CrazyArbalest's ghost (amateur KoHu)
  2615 | D:4      | Found a sparkling altar of Nemelex Xobeh.
  2696 | D:4      | Killed CrazyArbalest's ghost
  2696 | D:4      | Reached skill level 6 in Long Blades
  2696 | D:4      | Reached XP level 7. HP: 52/52 MP: 7/7
  2798 | D:5      | Entered Level 5 of the Dungeon
  2798 | D:5      | Noticed Prince Ribbit
  2813 | D:5      | HP: 1/52 [something (5)]
  2814 | D:5      | Slain by a sky beast

Skill      XL: |  1  2  3  4  5  6 |
---------------+-------------------+-----
Long Blades    | 4 5 6 |  6.1
Stealth        | 1 2 |  2.5
Fighting       | 3 |  3.4
Armour         | 1 |  1.4
Dodging        | 5 |  5.5
Throwing       | |  2.0

Action                   |  1- 3 |  4- 6 |  7- 9 || total
-------------------------+-------+-------+-------++-------
Melee: Long sword        |    97 |   105 |    11 ||   213
Throw: Throwing net      |     1 |     2 |       ||     3
  Use: Scroll            |     4 |     6 |       ||    10
       Potion            |       |     2 |     1 ||     3
 Stab: Sleeping          |     3 |     1 |       ||     4
       Held in net/web   |     1 |       |       ||     1
       Distracted        |       |     1 |       ||     1
  Eat: Meat ration       |       |     2 |       ||     2
Armor: Leather armour    |    32 |    21 |     3 ||    56
Dodge: Dodged            |   114 |    66 |    14 ||   194
       Rpst.: Long sword |    38 |    21 |     2 ||    61
